 Dungeon Crawl Stone Soup version 0.31-a0-267-g3fc6992b3b (webtiles) character file.

Game seed: 7088736692442938065

133 qw the Shooter (level 5, 0/30 HPs)
             Began as a Gargoyle Hexslinger on July 14, 2023.
             Slain by an orc
             ... wielding a +0 mace
              (3 damage)
             ... on level 3 of the Dungeon.
             The game lasted 00:00:56 (1670 turns).

qw the Shooter (Gargoyle Hexslinger)                Turns: 1670, Time: 00:00:57

Health: 0/30       AC:  6    Str: 12    XL:     5   Next: 16%
Magic:  6/6        EV: 12    Int: 13    God:
Gold:   89         SH:  0    Dex: 14    Spells: 5/6 levels left

rFire   + . .        Y - +1 sling
rCold   . . .        (no shield)
rNeg    + . .        c - +0 robe
rPois   inf          (no helmet)
rElec   +            (no cloak)
rCorr   .            (no gloves)
SInv    .            (no boots)
Will    .....        (no amulet)
Stlth   +            j - ring of protection from fire
HPRegen 0.25/turn    (no ring)
MPRegen 0.10/turn

%: no passive effects
@: no status effects
A: sickness immunity, AC +4, negative energy resistance 1, electricity
resistance, torment resistance 1, petrification resistance
a: no special abilities


You were on level 3 of the Dungeon.
You visited 1 branch of the dungeon, and saw 3 of its levels.

You collected 89 gold pieces.


Innate Abilities, Weirdness & Mutations

You are immune to sickness and miasma.
Your stone body is resilient. (AC +4)
You are immune to poison.
You resist negative energy. (rN+)
You are resistant to electric shocks. (rElec)
You are resistant to unholy torment.
You are immune to petrification.


   Skills:
 - Level 2.0 Fighting
 + Level 4.9 Ranged Weapons
 - Level 1.5 Dodging
 - Level 1.0 Spellcasting
 - Level 2.6 Hexes


You had 5 spell levels left.
You knew the following spells:

 Your Spells              Type           Power      Damage    Failure   Level
a - Slow                  Hex            28%        N/A       10%         1

Your spell library contained the following spells:

 Spells                   Type           Power      Damage    Failure   Level
 Inner Flame              Hex/Fire       4%         N/A       43%         3
 Portal Projectile        Hex/Tloc       8%         N/A       43%         3
 Cause Fear               Hex            3%         N/A       67%         4

Inventory:

Hand Weapons
 Y - a +1 sling (weapon)
Armour
 b - a +0 pair of gloves
 c - a +0 robe (worn)
Jewellery
 a - a +5 ring of evasion
 j - a ring of protection from fire (left hand)
Potions
 d - a potion of heal wounds {unknown}
 e - a potion of brilliance {unknown}
 f - a potion of attraction {unknown}
 g - a potion of invisibility {unknown}
 i - a potion of resistance

Dungeon Overview and Level Annotations

Branches:
Dungeon (3/15)

Altars:


Message History

You shoot a sling bullet.
The sling bullet closely misses the orc wizard.
The orc barely misses you. The orc wizard barely misses you.
The orc hits you but does no damage.
You shoot a sling bullet. The sling bullet hits the orc wizard.
You kill the orc wizard!
The bat hits you but does no damage. The orc barely misses you.
A rat comes into view.
The orc barely misses you. x2; The orc hits you but does no damage.
The endoplasm closely misses you.
You have reached level 5!
You shoot a sling bullet.
The sling bullet completely misses the endoplasm.
The orc completely misses you. The orc barely misses you.
The endoplasm freezes you.
You are frozen.
An endoplasm comes into view.
You shoot a sling bullet. The sling bullet hits the endoplasm.
The endoplasm is severely wounded.
The orc misses you. x2
The endoplasm hits you but does no damage.
You shoot a sling bullet. The sling bullet hits the endoplasm.
You kill the endoplasm!
The bat barely misses you. The orc hits you but does no damage.
The orc barely misses you.
The jackal bites you but does no damage.
You shoot a sling bullet.
The sling bullet hits the jackal but does no damage.
The orc hits you but does no damage. The orc closely misses you.
The jackal completely misses you.
You shoot a sling bullet. The sling bullet hits the jackal.
The jackal is heavily wounded.
The jackal barely misses you. The orc hits you but does no damage.
The orc hits you with a +0 club.
The jackal bites you but does no damage.
You shoot a sling bullet.
The sling bullet hits the jackal but does no damage.
The jackal is heavily wounded.
The orc hits you with a +0 mace.
You die...

##..#.#### #.#.#.#....#
##......####.#.#...#+#####
##.......................
######.###.#.......###.#
#.###.######### #..##..
##.###. #.# . #@# .#
#.oohb..... #..##go#r....
#$# .#J. ...# # # #.. ..<
..# .. ... . #...


You could see 3 orcs, an endoplasm, a jackal, a goblin, a bat and a rat.

Vanquished Creatures
  An orc wizard (D:3)
  5 adders
  2 worms
  A dart slug (D:1)
  4 orcs
  3 endoplasms
  2 giant cockroaches
  7 hobgoblins
  A jackal (D:3)
  2 quokkas
  6 ball pythons
  7 bats
  3 frilled lizards
  3 goblins
  9 kobolds
  3 rats
59 creatures vanquished.

Notes
Turn   | Place    | Note
-------+----------+-------------------------------------------
     0 | D:1      | qw the Gargoyle Hexslinger began the quest for the Orb.
     0 | D:1      | Reached XP level 1. HP: 12/12 MP: 2/2
     0 | D:1      | 0 ||| qw: Version: 0.3-a-52-g30416fa
     0 | D:1      | 0 ||| qw: Game counter: 7808
     0 | D:1      | 0 ||| qw: Melee chars always use a shield: true
     0 | D:1      | 0 ||| qw: God list: Okawaru
     0 | D:1      | 0 ||| qw: Allow faded altars: false
     0 | D:1      | 0 ||| qw: Do Orc after clearing Dungeon:15 true
     0 | D:1      | 0 ||| qw: Do second Lair branch before Depths: true
     0 | D:1      | 0 ||| qw: Lair rune preference: random
     0 | D:1      | 0 ||| qw: Goals: Normal
     0 | D:1      | 0 ||| PLANNING D:1-11
    45 | D:1      | 45 ||| FLEEEEING.
    46 | D:1      | 46 ||| FLEEEEING.
    47 | D:1      | 47 ||| FLEEEEING.
    48 | D:1      | 48 ||| FLEEEEING.
    49 | D:1      | 49 ||| FLEEEEING.
    50 | D:1      | 50 ||| FLEEEEING.
    51 | D:1      | 51 ||| FLEEEEING.
    52 | D:1      | 52 ||| FLEEEEING.
    53 | D:1      | 53 ||| FLEEEEING.
    54 | D:1      | 54 ||| FLEEEEING.
    55 | D:1      | 55 ||| FLEEEEING.
    56 | D:1      | 56 ||| FLEEEEING.
    57 | D:1      | 57 ||| FLEEEEING.
    58 | D:1      | 58 ||| FLEEEEING.
    59 | D:1      | 59 ||| FLEEEEING.
    61 | D:1      | 61 ||| FLEEEEING.
    62 | D:1      | 62 ||| FLEEEEING.
    63 | D:1      | 63 ||| FLEEEEING.
   231 | D:1      | Reached XP level 2. HP: 16/16 MP: 3/3
   365 | D:1      | Reached skill level 3 in Ranged Weapons
   694 | D:1      | 694 ||| READING scroll labelled WOEJIG JEYQEF.
   695 | D:1      | 695 ||| DROPPING scroll of poison.
   712 | D:2      | Reached XP level 3. HP: 21/21 MP: 4/4
   852 | D:2      | Reached XP level 4. HP: 26/26 MP: 5/5
   908 | D:2      | Reached skill level 4 in Ranged Weapons
   926 | D:2      | Found a faded altar of an unknown god.
  1502 | D:2      | 1502 ||| UPGRADING to ring of protection from fire.
  1503 | D:2      | 1503 ||| DROPPING +6 ring of intelligence.
  1504 | D:2      | 1504 ||| READING scroll labelled BAYCKADDUCI.
  1505 | D:2      | 1505 ||| READING scroll labelled LESCHE ZUS FIF.
  1506 | D:2      | 1506 ||| READING scroll labelled AXZEALO GICRUBOPT.
  1509 | D:2      | 1509 ||| READING scroll labelled EKYROS SALA.
  1510 | D:2      | 1510 ||| DRINKING 2 yellow potions.
  1581 | D:3      | HP: 6/26 [jackal (1)]
  1662 | D:3      | HP: 6/26 [orc wizard/+0 dagger (2)]
  1665 | D:3      | Reached XP level 5. HP: 7/30 MP: 6/6
  1669 | D:3      | HP: 3/30 [orc/+0 club (2)]
  1670 | D:3      | Slain by an orc

Levels and vault maps discovered:
D:1:      minmay_arrival_three_doors, layout_loops_ring, item_on_display_a
D:2:      layout_loops_ring, hellmonk_ecumenical_altar_defaced_shrine
D:3:      layout_basic, minmay_increasing_density

Skill      XL: |  1  2  3  4 |
---------------+-------------+-----
Ranged Weapons | 3 4 |  4.9
Fighting       | 2 |  2.0
Dodging        | |  1.5
Spellcasting   | |  1.0
Hexes          | |  2.6

Action                     |  1- 3 |  4- 6 || total
---------------------------+-------+-------++-------
   Fire: Sling             |   106 |   149 ||   255
    Use: Scroll            |     1 |     4 ||     5
         Potion            |       |     1 ||     1
 Armour: Robe              |    19 |    61 ||    80
  Dodge: Dodged            |    34 |   101 ||   135

Table legend:
 A = Non-vault XP
 B = Vault XP
 C = Vault XP percentage of total XP
 D = Non-vault monster count
 E = Vault monster count
 F = Vault count percentage of total count
                 A         B        C        D         E       F
            +---------+---------+-------+---------+---------+-------
      Total |     174 |      17 |   8.9 |      53 |       6 |  10.2
            +---------+---------+-------+---------+---------+-------
        D:1 |      33 |       0 |   0.0 |      22 |       0 |   0.0
        D:2 |      89 |       9 |   9.2 |      26 |       3 |  10.3
        D:3 |      52 |       8 |  13.3 |       5 |       3 |  37.5
            +---------+---------+-------+---------+---------+-------
